 Seeded DCSS version 0.28-a0-1152-g9c71ebef14 (webtiles) character file.

Game seed: 20211214 (custom seed)

95719 flotson the Fighter (level 15, -9/122 HPs)
             Began as a Demonspawn Gladiator on Dec 14, 2021.
             Was the Champion of Qazlal.
             Killed from afar by Roxanne (34 damage)
             ... with a bolt of magma
             ... on level 14 of the Dungeon on Dec 15, 2021.
             The game lasted 00:46:39 (29998 turns).

flotson the Fighter (Demonspawn Gladiator)         Turns: 29998, Time: 00:46:40

Health: -9/122     AC: 22    Str: 28    XL:     15   Next: 67%
Magic:  23/23      EV: 15    Int: 10    God:    Qazlal [******]
Gold:   2107       SH:  8    Dex: 14    Spells: 14/14 levels left

rFire   . . .      SeeInvis +   a - +0 lajatang
rCold   . . .      Faith    +   (shield currently unavailable)
rNeg    . . .      Spirit   .   g - +0 storm dragon scales
rPois   .          Reflect  .   c - +0 helmet
rElec   +          Harm     .   V - +1 cloak
rCorr   .          Rampage  .   C - +0 pair of gloves
Will    +....                   D - +0 pair of boots
Stlth   ..........              h - amulet of faith
HPRegen 0.30/turn               n - ring of see invisible
MPRegen 0.18/turn               X - +6 ring of strength

@: about to teleport, studying Long Blades, repel missiles
A: ignite blood 2, powered by death 3, sturdy frame 2, demonic touch 2
a: Renounce Religion, Upheaval, Elemental Force, Disaster Area


You were on level 14 of the Dungeon.
You worshipped Qazlal.
Qazlal was exalted by your worship.
You visited 4 branches of the dungeon, and saw 23 of its levels.
You also visited: Sewer and Ossuary.

You collected 2184 gold pieces.
You spent 77 gold pieces at shops.

Inventory:

Hand Weapons
 a - a +0 lajatang (weapon)
Missiles
 b - 4 silver javelins
 d - 9 throwing nets
 i - 163 poisoned darts
 r - 27 boomerangs (quivered)
 v - 8 curare-tipped darts
 P - 4 javelins
Armour
 c - a +0 helmet (worn)
 g - +0 storm dragon scales (worn)
 t - a +1 plate armour of fire resistance
 C - a +0 pair of gloves (worn)
 D - a +0 pair of boots (worn)
 M - a +3 chain mail of positive energy
 V - a +1 cloak (worn)
 Y - a +0 plate armour of poison resistance
Jewellery
 h - an amulet of faith (around neck)
 n - a ring of see invisible (left hand)
 N - a ring of flight
 X - a +6 ring of strength (right hand)
Wands
 q - a wand of iceblast (9)
 E - a wand of acid (28)
 O - a wand of flame (5)
 W - a wand of digging (6)
 Z - a wand of mindburst (18)
Scrolls
 e - 3 scrolls of vulnerability
 j - 8 scrolls of fog
 m - 7 scrolls of magic mapping
 p - a scroll of holy word {unknown}
 s - 4 scrolls of enchant weapon
 x - 3 scrolls of immolation
 y - a scroll of brand weapon {unknown}
 z - 19 scrolls of teleportation
 B - 3 scrolls of enchant armour
 F - 2 scrolls of torment
 I - a scroll of summoning {unknown}
 K - 3 scrolls of blinking
 Q - a scroll of fear {unknown}
Potions
 f - 7 potions of curing
 k - 4 potions of heal wounds
 o - 3 potions of mutation
 u - 7 potions of cancellation
 w - 3 potions of haste
 A - a potion of flight
 G - 4 potions of ambrosia
 H - 5 potions of attraction
 L - 2 potions of might
 R - 2 potions of invisibility
 T - 2 potions of lignification
 U - a potion of berserk rage
Miscellaneous
 J - a box of beasts
 S - a tin of tremorstones (2/2)


   Skills:
 + Level 12.5 Fighting
 + Level 11.6 Staves
 - Level 9.0 Throwing
 + Level 11.3 Armour
 + Level 11.7 Dodging
 - Level 11.0 Invocations
 - Level 9.0 Evocations


You had 14 spell levels left.
You didn't know any spells.
Your spell library contained the following spells:

 Spells                   Type           Power      Damage    Failure   Level
 Freeze                   Ice            0%         1d3       63%         1
 Shock                    Conj/Air       0%         1d3       63%         1
 Corpse Rot               Necr/Air       0%         N/A       77%         2
 Passwall                 Tmut/Erth      0%         N/A       77%         2
 Poisonous Vapours        Pois/Air       0%         N/A       77%         2
 Static Discharge         Conj/Air       0%         N/A       77%         2
 Sublimation of Blood     Necr           0%         N/A       77%         2
 Wereblood                Tmut           0%         N/A       77%         2
 Conjure Flame            Conj/Fire      0%         6-21      94%         3
 Frozen Ramparts          Ice            0%         1d2       94%         3
 Gell's Gravitas          Tloc           0%         N/A       94%         3
 Ignite Poison            Fire/Tmut/Pois 0%         N/A       94%         3
 Lesser Beckoning         Tloc           0%         N/A       94%         3
 Swiftness                Air            0%         N/A       94%         3
 Teleport Other           Tloc           0%         N/A       94%         3
 Dispel Undead            Necr           0%         3d6       100%        4
 Hailstorm                Conj/Ice       0%         3d3       100%        4
 Petrify                  Tmut/Erth      0%         N/A       100%        4
 Sticky Flame             Conj/Fire      0%         2d3       100%        4
 Lightning Bolt           Conj/Air       0%         1d11      100%        5
 Metabolic Englaciation   Hex/Ice        0%         N/A       100%        5
 Summon Forest            Summ/Tloc      0%         N/A       100%        5
 Summon Mana Viper        Hex/Summ       0%         N/A       100%        5
 Dispersal                Tloc           0%         N/A       100%        6
 Statue Form              Tmut/Erth      0%         N/A       100%        6
 Summon Cactus Giant      Summ           0%         N/A       100%        6
 Summon Hydra             Summ           0%         N/A       100%        7
 Disjunction              Tloc           0%         N/A       100%        8
 Maxwell's Capacitive Co  Air            0%         ∞         100%        8


Dungeon Overview and Level Annotations

Branches:
Dungeon (14/15)            Temple (1/1) D:5            Lair (6/6) D:10
 Shoals (0/4) Lair:4       Spider (0/4) Lair:2        Slime (0/5) Lair:5
    Orc (2/2) D:10            Elf (0/3) Orc:2        Vaults (0/5) D:13
  Sewer (visited)         Ossuary (visited)

Altars:
Ashenzari
Cheibriados
Dithmenos
Elyvilon
Fedhas
Gozag
Hepliaklqana
Kikubaaqudgha
Makhleb
Nemelex Xobeh
Okawaru
Qazlal
Ru
Sif Muna
Trog
Uskayaw
Vehumet
Wu Jian
Xom
Zin
The Shining One
Beogh
Lugonu

Shops:
D:3 *   D:7 :   Orc:2 ([!?

Annotations:
D:14 Roxanne


Innate Abilities, Weirdness & Mutations

Your demonic aura often causes spilled blood to erupt in flames.
You regenerate a lot of health from kills.
Your movements are less encumbered by armour. (ER -4)
Your touch may inflict irresistible damage on your foes.


Message History

You are too injured to fight recklessly!
You slice the cyclops!!
You kill the cyclops!
Qazlal accepts your kill.
Your protection from physical attacks is fading.
You feel less protected from physical attacks.
You now have 2070 gold pieces (gained 17).
You pick up a manual of Long Blades and begin studying.
You now have 2089 gold pieces (gained 19).
You see here a +0 chain mail.
Found a robe.
You now have 2107 gold pieces (gained 18).
K - 3 scrolls of blinking (gained 1)
Found a white marble altar of Elyvilon.
Roxanne, Geomancer Emeritus comes into view.
Roxanne mumbles some strange words.
You blink.
Found 14 bolts.
Marking area around Roxanne as unsafe for travelling.
No reachable target in view!
No reachable target in view!
Unknown command.
You hit Roxanne but do no damage.
Roxanne casts a spell.
You block the crystal spear.
You slash Roxanne!
Roxanne is lightly damaged.
You hit Roxanne but do no damage.
Roxanne is lightly damaged.
Roxanne casts a spell.
You blink.
Roxanne mumbles some strange words.
The crystal spear hits you!!!
Roxanne mumbles some strange words.
The iron shot hits you!!!
* * * LOW HITPOINT WARNING * * *
As you read the scroll of teleportation, it crumbles to dust.
You feel strangely unstable.
Roxanne casts a spell.
The bolt of magma hits you!!
You die...

..... ...# ..... ....#
..... .....# .....
#.....# ... # #......## #
.###.......##
.............####
#............☼.○.##
##.?........(.§.@.°.#
#.............○.°.8.#
...............☼.§○.##
.....................##
.................§....##
.......................#
......#.................#
.....###...###...........
....####... #...........


You could see Roxanne.

Vanquished Creatures
  An orc warlord (Orc:2)
  The ghost of FludoriRambler the Basher, a journeyman DgFi (Lair:4)
  2 dire elephants (Lair:3)
  A minotaur (Lair:5)
  The ghost of Hemag the Peltast, a journeyman MiBe of Trog (D:13)
  Harold (D:8)
  7 boulder beetles
  3 vault guards (D:13)
  A rakshasa (D:14)
  8 hydras
  4 two-headed ogres (D:13)
  A catoblepas (Lair:6)
  A deep troll shaman (Lair:6)
  An alligator (Lair:3)
  7 death yaks
  A death knight (D:13)
  5 centaur warriors
  A tengu warrior (D:13)
  2 orc high priests (Orc:2)
  2 fire crabs
  The ghost of pokeman the Thaumaturge, a novice DEWz of Vehumet (D:8)
  A skeletal warrior (D:14)
  A glowing orange brain (shapeshifter) (Lair:3)
  A deep elf archer (D:13)
  Pikel (D:8)
  4 orc knights
  The ghost of oldriver the Thaumaturge, a novice DECj (D:8)
  2 deep elf pyromancers (D:13)
  A cyclops (D:14)
  2 orc sorcerers
  10 ugly things
  An oklob plant (Lair:1)
  3 manticores
  15 elephants
  8 black mambas
  A guardian serpent (shapeshifter) (D:9)
  A torpor snail (Lair:3)
  19 cane toads
  Maggie (D:10)
  2 gargoyles
  A freezing wraith (D:13)
  5 rime drakes
  An unseen horror (D:10)
  6 kobold demonologists (D:13)
  9 komodo dragons
  A tengu conjurer (D:13)
  13 trolls
  2 polar bears (Lair:6)
  12 blink frogs
  A meliai (D:13)
  Grinder (D:5)
  A hornet (D:11)
  8 slime creatures (D:13)
  5 dream sheep (Lair:5)
  A centaur simulacrum (D:14)
  3 wyverns
  A spriggan (shapeshifter) (D:14)
  6 wraiths
  31 yaks
  3 basilisks
  A steam dragon (D:8)
  23 vampire mosquitoes
  An acid dragon (D:11)
  2 wargs (Orc:1)
  14 water moccasins
  28 orc warriors
  A sky beast (D:7)
  4 black bears
  2 hornet zombies
  26 wolves
  8 centaurs
  7 ogres
  A phantom (D:3)
  3 lemures
  9 kobold brigands
  Blork the orc (D:6)
  12 bullfrogs
  2 gnoll sergeants
  3 wyvern zombies
  A water moccasin zombie (Ossuary)
  2 scorpions (D:4)
  A wyvern skeleton (D:7)
  A water moccasin skeleton (D:5)
  21 killer bees
  3 electric eels
  3 wights (D:9)
  6 bullfrog zombies
  9 centaur zombies
  6 hounds
  15 orc priests
  2 jellies
  A centaur skeleton (D:6)
  2 iguanas
  Crazy Yiuf (D:4)
  15 orc wizards
  Natasha (thrice) (D:3)
  A killer bee zombie (Ossuary)
  17 mummies (Ossuary)
  A howler monkey zombie (Ossuary)
  13 gnolls
  4 adders
  A shadow imp (D:7)
  2 white imps
  2 worms (D:3)
  81 orcs
  8 ball pythons
  3 bats (D:1)
  10 endoplasms
  8 giant cockroaches
  3 goblins
  6 hobgoblins
  2 jackals (D:4)
  6 quokkas
  12 frilled lizards
  21 kobolds
  An orc zombie (D:8)
  A quokka skeleton (D:4)
  12 rats
693 creatures vanquished.

Vanquished Creatures (collateral kills)
  An orc (Orc:1)
1 creature vanquished.

Vanquished Creatures (others)
  20 fungi
  32 plants
  12 withered plants
64 creatures vanquished.

Grand Total: 758 creatures vanquished

Notes
Turn   | Place    | Note
-------+----------+-------------------------------------------
     0 | D:1      | flotson the Demonspawn Gladiator began the quest for the
                  | Orb.
     0 | D:1      | Reached XP level 1. HP: 16/16 MP: 1/1
   248 | D:1      | Gained mutation: Your demonic aura sometimes causes spilled
                  | blood to erupt in flames. [demonic ancestry]
   248 | D:1      | Reached XP level 2. HP: 22/22 MP: 2/2
   842 | D:1      | Gained mutation: Your demonic aura often causes spilled
                  | blood to erupt in flames. [demonic ancestry]
   842 | D:1      | Reached XP level 3. HP: 28/28 MP: 3/3
  1198 | D:2      | Reached skill level 1 in Armour
  1968 | D:2      | Gained mutation: Your movements are slightly less
                  | encumbered by armour. (ER -2) [demonic ancestry]
  1968 | D:2      | Reached XP level 4. HP: 13/34 MP: 4/4
  2403 | D:3      | Noticed Natasha
  2408 | D:3      | Killed Natasha
  2422 | D:3      | Noticed Natasha
  2426 | D:3      | Killed Natasha
  2427 | D:3      | Reached skill level 3 in Fighting
  2427 | D:3      | Reached XP level 5. HP: 36/41 MP: 5/5
  2453 | D:3      | Noticed Natasha
  2458 | D:3      | Killed Natasha
  2673 | D:3      | Found a hazy altar of Hepliaklqana.
  2678 | D:3      | Found a shadowy altar of Dithmenos.
  2678 | D:3      | Noticed a shadow
  2753 | D:3      | Found Gozag's Platinum Reserve.
  2763 | D:3      | Found an opulent altar of Gozag.
  3297 | D:4      | Found a blossoming altar of Fedhas.
  3385 | D:4      | Found a shimmering altar of Xom.
  3672 | D:4      | Noticed a phantom
  4009 | D:3      | Killed a phantom
  4010 | D:3      | Reached skill level 1 in Evocations
  4010 | D:3      | Gained mutation: You regenerate a little health from kills.
                  | [demonic ancestry]
  4010 | D:3      | Reached XP level 6. HP: 40/47 MP: 6/6
  4585 | D:4      | Found a runed translucent door.
  4586 | D:4      | Noticed Crazy Yiuf
  4594 | D:4      | Killed Crazy Yiuf
  4640 | D:5      | Entered Level 5 of the Dungeon
  4649 | D:5      | Noticed Grinder
  4651 | D:5      | Paralysed by Grinder for 2 turns
  4672 | D:4      | Gained mutation: Your touch may inflict minor irresistible
                  | damage on your foes. [demonic ancestry]
  4672 | D:4      | Reached XP level 7. HP: 53/53 MP: 7/7
  4680 | D:5      | Paralysed by Grinder for 7 turns
  4692 | D:5      | Killed Grinder
  4772 | D:5      | Reached skill level 4 in Fighting
  4829 | D:5      | Found a glowing drain.
  4834 | Sewer    | Entered a sewer
  5183 | Sewer    | Identified the +1 ring mail of Baldness {-Cast Will+++
                  | Str+4}
  5645 | D:5      | Gained mutation: Your movements are less encumbered by
                  | armour. (ER -4) [demonic ancestry]
  5645 | D:5      | Reached XP level 8. HP: 51/61 MP: 8/8
  5807 | D:5      | Found a staircase to the Ecumenical Temple.
  5818 | Temple   | Entered the Ecumenical Temple
  5829 | Temple   | Became a worshipper of Qazlal Stormbringer
  6253 | D:6      | Reached skill level 1 in Invocations
  6485 | D:6      | Noticed Blork the orc
  6495 | D:6      | Killed Blork the orc
  7198 | D:7      | Reached skill level 5 in Dodging
  7282 | D:7      | Reached * piety under Qazlal
  7283 | D:7      | Reached skill level 5 in Fighting
  7286 | D:7      | Reached skill level 5 in Staves
  7314 | D:7      | Reached XP level 9. HP: 39/68 MP: 11/11
  7539 | D:7      | Noticed a cyan ugly thing
  7549 | D:7      | Killed a cyan ugly thing
  7792 | D:7      | Found an ornate altar of the Wu Jian Council.
  7824 | D:7      | Found a hide-covered altar of Uskayaw.
  7950 | D:7      | Found Lefuz's Book Emporium.
  8296 | D:8      | Noticed Pikel
  8328 | D:8      | Found a sand-covered staircase.
  8337 | Ossuary  | Entered an ossuary
  8388 | Ossuary  | Reached skill level 5 in Throwing
  8537 | Ossuary  | Reached ** piety under Qazlal
  8597 | Ossuary  | Reached skill level 5 in Armour
  8864 | Ossuary  | Reached skill level 5 in Invocations
  9100 | D:8      | Found a snail-covered altar of Cheibriados.
  9101 | D:8      | Found a radiant altar of Vehumet.
  9181 | D:8      | Reached skill level 6 in Fighting
  9187 | D:8      | Reached XP level 10. HP: 75/76 MP: 13/13
  9206 | D:8      | Killed Pikel
  9238 | D:8      | Noticed Harold
  9254 | D:8      | Killed Harold
  9255 | D:8      | Reached skill level 5 in Evocations
  9609 | D:8      | Reached *** piety under Qazlal
  9731 | D:8      | Found a shimmering blue altar of Sif Muna.
  9754 | D:8      | Found a runed translucent gate.
  9754 | D:8      | Found a runed translucent gate.
  9754 | D:8      | Found a runed translucent gate.
  9758 | D:8      | Noticed pokeman's ghost (novice DEWz)
  9758 | D:8      | Noticed oldriver's ghost (novice DECj)
 10324 | D:8      | Got Sif Muna's Volume of Arcane Weapons
 10745 | D:9      | Noticed a guardian serpent
 10745 | D:9      | a shapeshifter changed into a guardian serpent
 10748 | D:9      | Killed a guardian serpent
 11117 | D:9      | You are sucked into a shaft and drop 2 floors!
 11389 | D:10     | Entered Level 10 of the Dungeon
 11518 | D:10     | Found a staircase to the Orcish Mines.
 11519 | D:10     | Found an iron altar of Okawaru.
 11876 | D:9      | Reached **** piety under Qazlal
 11877 | D:9      | Reached XP level 11. HP: 83/83 MP: 16/16
 12120 | D:10     | Reached skill level 7 in Fighting
 12122 | D:10     | Noticed Maggie
 12132 | D:10     | Killed Maggie
 13118 | D:10     | Found a staircase to the Lair.
 13207 | D:10     | Found a sparkling altar of Nemelex Xobeh.
 13253 | D:10     | Found a broken altar of Ashenzari.
 13545 | Lair:1   | Entered Level 1 of the Lair of Beasts
 13561 | D:10     | HP: 2/84 [cane toad (13)]
 14356 | Lair:1   | Found a shimmering blue altar of Sif Muna.
 14357 | Lair:1   | Noticed an oklob plant
 14763 | Lair:1   | Killed an oklob plant
 15012 | Lair:2   | Noticed an eight-headed hydra
 15018 | Lair:2   | Killed an eight-headed hydra
 15022 | Lair:2   | Gained mutation: You regenerate health from kills. [demonic
                  | ancestry]
 15022 | Lair:2   | Reached XP level 12. HP: 92/92 MP: 18/18
 15032 | Lair:2   | Reached skill level 8 in Fighting
 15135 | Lair:2   | Reached ***** piety under Qazlal
 15528 | Lair:2   | Noticed a six-headed hydra
 15534 | Lair:2   | Killed a six-headed hydra
 15696 | Lair:2   | Found a hole to the Spider Nest.
 16693 | Lair:3   | Noticed a death yak
 16706 | Lair:3   | Killed a death yak
 16707 | Lair:3   | Reached skill level 10 in Invocations
 16934 | Lair:3   | Noticed an alligator
 16948 | Lair:3   | Killed an alligator
 17084 | Lair:3   | Noticed a dire elephant
 17084 | Lair:3   | Noticed a dire elephant
 17085 | Lair:3   | Noticed a death yak
 17375 | Lair:3   | Killed a dire elephant
 17385 | Lair:3   | HP: 4/94 [dire elephant (21)]
 17390 | Lair:3   | Killed a dire elephant
 17391 | Lair:3   | Gained mutation: You regenerate a lot of health from kills.
                  | [demonic ancestry]
 17391 | Lair:3   | Reached XP level 13. HP: 4/100 MP: 20/20
 17635 | Lair:3   | Reached skill level 9 in Fighting
 18484 | Lair:4   | Found a staircase to the Shoals.
 19088 | Lair:5   | Found a runed translucent gate.
 19089 | Lair:5   | Found a runed translucent gate.
 19090 | Lair:5   | Found a runed translucent gate.
 19363 | Lair:5   | Noticed FludoriRambler's ghost (journeyman DgFi)
 19365 | Lair:5   | Noticed a minotaur
 19635 | Lair:5   | Found a staircase to the Slime Pits.
 19856 | Lair:6   | Entered Level 6 of the Lair of Beasts
 20471 | Lair:5   | Reached ****** piety under Qazlal
 20635 | Lair:6   | Reached skill level 10 in Fighting
 20721 | Lair:6   | Gained mutation: Your touch may inflict irresistible damage
                  | on your foes. [demonic ancestry]
 20721 | Lair:6   | Reached XP level 14. HP: 75/110 MP: 22/22
 21312 | Lair:6   | Identified the +9 short sword "Xecec" {freeze, *Noise rPois
                  | Int+9 Stlth-}
 21549 | Orc:1    | Entered Level 1 of the Orcish Mines
 21721 | Orc:2    | Entered Level 2 of the Orcish Mines
 21971 | Orc:2    | Reached skill level 10 in Dodging
 21981 | Orc:2    | Found a staircase to the Elven Halls.
 22108 | Orc:2    | Noticed an orc warlord
 22483 | Orc:2    | Reached skill level 10 in Staves
 22797 | Orc:2    | Found Worall's Magic Scroll Shoppe.
 22805 | Orc:2    | Bought a scroll of identify for 24 gold pieces
 22805 | Orc:2    | Bought a scroll of identify for 24 gold pieces
 22805 | Orc:2    | Bought a scroll of noise for 12 gold pieces
 22900 | Orc:2    | Found Agytuss's Distillery.
 22909 | Orc:2    | Bought a potion of degeneration for 17 gold pieces
 23012 | Orc:2    | Killed an orc warlord
 23189 | Orc:2    | Found Seuqeybipt's Antique Weapon Shoppe.
 23202 | Orc:2    | Found Jomerch's Antique Armour Emporium.
 23323 | Orc:1    | Paralysed by an orc sorcerer for 2 turns
 23682 | D:8      | Killed oldriver's ghost
 23683 | D:8      | Killed pokeman's ghost
 23684 | D:8      | Reached skill level 10 in Armour
 23843 | Lair:5   | Reached skill level 11 in Fighting
 23886 | Lair:4   | Killed FludoriRambler's ghost
 25795 | D:12     | Identified the +7 whip of Subjectivity {vorpal, Contam MP+9
                  | Dex+3}
 26163 | D:13     | Noticed Hemag's ghost (journeyman MiBe)
 26163 | D:13     | Found a runed translucent gate.
 26163 | D:13     | Found a runed translucent gate.
 26163 | D:13     | Found a runed translucent gate.
 26632 | D:13     | Reached XP level 15. HP: 94/119 MP: 23/23
 27283 | D:13     | Identified the +0 robe of the Evening Star {rPois rN+
                  | Slay+3 Stlth+}
 27437 | D:13     | Reached skill level 12 in Fighting
 27789 | D:13     | Found a gate to the Vaults.
 28099 | D:13     | Killed Hemag's ghost
 28923 | D:13     | Found a gate to the Vaults.
 29990 | D:14     | Noticed Roxanne
 29998 | D:14     | Killed from afar by Roxanne

Illustrated notes

Levels and vault maps discovered:
D:1:      wander_arrival_estate, layout_loops_ring, serial_forest,
          infiniplex_forest_clump_small, infiniplex_forest_diagonal,
          infiniplex_forest_side_room, infiniplex_forest_lined_2,
          infiniplex_forest_clump_curved, infiniplex_forest_end_3,
          infiniplex_forest_clump_curved, infiniplex_forest_straight_4
D:2:      layout_basic
D:3:      layout_rooms, riverfiend_overflow_shadow_ancestor,
          general_overflow_altar, mainiacjoe_overflow_alcove_2,
          nicolae_gozag_zags_fifth_avenue, uniq_natasha
D:4:      layout_cave_pools, mainiacjoe_overflow_cross_hatched,
          mainiacjoe_overflow_catwalk, grunt_ministairs_4,
          uniq_crazy_yiuf_cottage
D:5:      layout_loops_cross, minmay_temple_entry_drinking_statues,
          gup_sewer_entry_bowl, uniq_grinder
D:6:      layout_loops_cross, serial_bayou_pond_d, minmay_small_thing,
          uniq_blork_the_orc
D:7:      layout_basic, kennysheep_little_box,
          mainiacjoe_overflow_surrounded_room, serial_shops,
          nicolae_shop_window_shopping, nicolae_concentric_dashed_squares_mild
D:8:      layout_gridville, mainiacjoe_overflow_six_doors_small, led_sif_book,
          nicolae_overflow_squiral, gammafunk_ghost_cemetery, enter_ossuary_3,
          columned_hall_lemuel, uniq_harold, uniq_pikel
D:9:      layout_loops_ring, serial_bayou_pond_e
D:10:     layout_cave_pods, mainiacjoe_overflow_tiny_flanked,
          amcnicky_altar_gilded, nicolae_overflow_hidden_temple,
          erik_lair_island, orc_0_dummy, uniq_maggie
D:11:     layout_gridville
D:12:     layout_loops_corners, ebering_dispersal_statue_hall, kennysheep_dice
D:13:     minmay_slanted_spiral_squares, layout_basic,
          grunt_vaults_entry_fortified, gammafunk_ghost_nasty_kobolds,
          kennysheep_generic_room_8
D:14:     layout_big_octagon, nicolae_elyvilon_peaceful_grove, uniq_roxanne
Temple:   corrupted_temple
Lair:1:   layout_cave_shapes, lemuel_oklob_altar, infiniplex_staircase_pool_2
Lair:2:   layout_hall_layers, spider_nest_entry_web_field, st_stairs_12
Lair:3:   layout_gridlike, nicolae_lair_lakeside_cave
Lair:4:   layout_loops_ring, minmay_shoals_entry_centaurs
Lair:5:   layout_gridlike, nicolae_slime_entry_slimehenge,
          maelrawn_ghost_gauntlet_escape, chequers_serial_rivers_small_a,
          serial_bayou_crossing, lemuel_fruit_tree
Lair:6:   grunt_lair_end_beastmaster, layout_small_grid
Orc:1:    layout_caves, lemuel_statue_altar
Orc:2:    grunt_orc_community_town_hall, layout_diamond_mine,
          grunt_orc_community_big_house_1, grunt_orc_community_big_house_1,
          grunt_orc_community_house_3, grunt_orc_community_house_3,
          grunt_orc_community_house_2, grunt_orc_community_house_1,
          grunt_orc_community_house_3, grunt_orc_community_house_2,
          statue_in_the_mist_lemuel

Skill      XL: |  1  2  3  4  5  6  7  8  9 10 11 12 13 14 15 |
---------------+----------------------------------------------+-----
Throwing       | 2 3 4 5 6 7 8 9 |  9.0
Staves         | 3 4 5 6 7 8 9 10 11 | 11.6
Armour         | 1 2 3 4 5 6 7 8 9 10 11 | 11.3
Dodging        | 3 4 5 6 7 8 9 10 11 | 11.7
Fighting       | 3 4 5 6 7 8 10 11 12 | 12.5
Evocations     | 1 2 3 4 5 7 8 9 |  9.0
Invocations    | 3 5 6 8 10 11 | 11.0

Action                   |  1- 3 |  4- 6 |  7- 9 | 10-12 | 13-15 || total
-------------------------+-------+-------+-------+-------+-------++-------
Melee: Quarterstaff      |   102 |   151 |   413 |   596 |   680 ||  1942
       Lajatang          |       |       |       |       |   646 ||   646
Throw: Dart              |       |     4 |     9 |    15 |       ||    28
       Throwing net      |       |     3 |       |       |       ||     3
       Boomerang         |       |       |       |     7 |     9 ||    16
       Javelin           |       |       |       |     2 |       ||     2
Invok: Upheaval          |       |       |       |       |     3 ||     3
       Elemental Force   |       |       |       |       |     1 ||     1
  Use: Potion            |       |     1 |       |     5 |     2 ||     8
       Scroll            |       |       |     8 |     5 |    13 ||    26
 Stab: Held in net/web   |       |     1 |       |       |       ||     1
       Confused          |       |       |     1 |     2 |       ||     3
       Paralysed         |       |       |     3 |       |       ||     3
       Petrifying        |       |       |     1 |       |     1 ||     2
Armor: Leather armour    |     4 |       |       |       |       ||     4
       Storm dragon scal |    37 |    90 |   258 |   221 |   198 ||   804
       Swamp dragon scal |       |       |       |    82 |   175 ||   257
       Plate armour      |       |       |       |       |   160 ||   160
Dodge: Dodged            |    55 |   100 |   273 |   408 |   787 ||  1623
       Repelled          |       |       |       |     7 |     8 ||    15
Block: Other             |       |       |    13 |   173 |   519 ||   705

Table legend: (Time is in decaauts)
 A = Elapsed time spent in this place.
 B = Non-inter-level travel time spent in this place.
 C = Inter-level travel time spent in this place.
 D = Time resting spent in this place.
 E = Time spent auto-exploring this place.
 F = Levels seen in this place.
 G = Mean time per level.
                   A        B        C        D        E       F      G
               +--------+--------+--------+--------+--------+-----+--------+
         Total |  30000 |  28677 |   1323 |   1605 |  21934 |  25 | 1200.0 |
       Dungeon |  18440 |  17693 |    747 |   1000 |  13655 |  14 | 1317.1 |
        Temple |     22 |     11 |     11 |      0 |      4 |   1 |   22.0 |
          Lair |   8160 |   7735 |    425 |    323 |   6201 |   6 | 1360.0 |
  Orcish Mines |   1995 |   1856 |    139 |    277 |   1100 |   2 |  997.5 |
         Sewer |    703 |    703 |      0 |      0 |    560 |   1 |  703.0 |
       Ossuary |    678 |    678 |      0 |      5 |    413 |   1 |  678.0 |
               +--------+--------+--------+--------+--------+-----+--------+

Top non-repeatable levels by time:
    D:13: 2980 daAuts
  Lair:3: 1939 daAuts
     D:8: 1774 daAuts
    D:10: 1650 daAuts
  Lair:5: 1544 daAuts
     D:9: 1506 daAuts
    D:12: 1373 daAuts
   Orc:2: 1352 daAuts
     D:4: 1338 daAuts
     D:2: 1322 daAuts
  Lair:4: 1300 daAuts
     D:7: 1235 daAuts
  Lair:6: 1219 daAuts
     D:1: 1175 daAuts
  Lair:1: 1124 daAuts
